 Dungeon Crawl Stone Soup version 0.21.1-1-g345015f (webtiles) character file.

206 inc the Ducker (level 5, -1/24 HPs)
             Began as a Felid Chaos Knight on Feb 22, 2018.
             Slain by a sky beast (5 damage)
             ... on level 6 of the Dungeon.
             The game lasted 00:07:55 (3687 turns).

inc the Ducker (Felid Chaos Knight)                 Turns: 3687, Time: 00:07:55

Health: -1/24      AC:  2    Str:  8    XL:     5   Next: 53%
Magic:  6/6        EV: 21    Int: 15    God:    Xom [...*..]
Gold:   173        SH:  0    Dex: 15    Spells: 4/4 levels left
                                        Lives:  0   Deaths: 1

rFire    . . .     SeeInvis +     - Unarmed
rCold    + . .     Gourm    .   (shield unavailable)
rNeg     . . .     Faith    .   (armour unavailable)
rPois    .         Spirit   .   (helmet unavailable)
rElec    +         Reflect  .   (cloak unavailable)
rCorr    .         Harm     .   (gloves unavailable)
MR       +....                  (boots unavailable)
Stlth    ++........             (no amulet)
HPRegen  0.08/turn              f - ring of protection from cold
MPRegen  0.10/turn              (no ring)

@: quick
A: very small, no armour, no weapons or thrown items, stealth, claws 1, fangs 3,
see invisible, blink, carnivore, speed 1, magic resistance 1, shaggy fur 2,
electricity resistance, slow metabolism 1, sharp paws
a: Blink, Renounce Religion


You were on level 6 of the Dungeon.
You worshipped Xom.
You were a favourite toy of Xom.
You were not hungry.

You visited 1 branch of the dungeon, and saw 6 of its levels.

You collected 173 gold pieces.

Inventory:

Jewellery
 e - an uncursed amulet of the gourmand
 f - a ring of protection from cold (left paw)
Wands
 i - a wand of iceblast (8)
Scrolls
 b - 2 scrolls of teleportation
 j - 2 scrolls of remove curse
Potions
 g - a potion of curing
Comestibles
 a - 6 rations


   Skills:
 - Level 3.0 Fighting
 + Level 6.1 Dodging
 - Level 5.5 Unarmed Combat


You had 4 spell levels left.
You didn't know any spells.

Dungeon Overview and Level Annotations

Branches:
Dungeon (6/15)
 Temple: D:4-7

Altars:
Cheibriados
Hepliaklqana
Okawaru
Sif Muna
Xom
Yredelemnul
The Shining One


Innate Abilities, Weirdness & Mutations

You cannot wear armour.
You are incapable of wielding weapons or throwing items.
Your paws allow you to move quietly. (Stealth)
You have sharp claws.
You have razor-sharp teeth.
You have supernaturally acute eyesight. (SInv)
You are carnivorous and can eat meat at any time.
You cover ground quickly.
You are covered in thick fur. (AC +2)
You have a slow metabolism.
Your sharp claws are effective at attacking unaware monsters.
You can translocate small distances at will.
You are resistant to hostile enchantments. (MR+)
You are resistant to electric shocks. (rElec)


Message History

The sky beast is almost dead.
The sky beast closely misses you.
You closely miss the sky beast. Your bite misses the sky beast.
The sky beast is almost dead.
The sky beast flickers out of sight for a moment.
The sky beast hits you but does no damage.
You miss the sky beast.
The sky beast is almost dead.
The sky beast hits you.
* * * LOW HITPOINT WARNING * * *
The sky beast shocks you. You resist.
* * * LOW HITPOINT WARNING * * *
You barely miss the sky beast. Your bite misses the sky beast.
The sky beast is almost dead.
The sky beast misses you.
You scratch the sky beast. You bite the sky beast.
The sky beast is almost dead.
The sky beast hits you.
You die... "Boring in life, boring in death..."

##### #...#
#############...####
....................
######.......##...######
.......@...........>....
####.#.Y.....#.########.
#..######.#........ #..#
########### ...). #
...... # ###.... ......
# #


You could see a sky beast (invisible).

Vanquished Creatures
  A howler monkey (D:5)
  A crimson imp (D:6)
  A bullfrog skeleton (D:5)
  A worker ant (D:4)
  6 adders
  2 oozes
  An orc (D:3)
  2 giant cockroaches
  A goblin (D:3)
  5 hobgoblins
  3 jackals (D:1)
  3 bats
  3 frilled lizards
  11 kobolds
  A leopard gecko skeleton (D:5)
42 creatures vanquished.

Vanquished Creatures (collateral kills)
  2 scorpions
2 creatures vanquished.

Grand Total: 44 creatures vanquished

Notes
Turn   | Place    | Note
-------+----------+-------------------------------------------
     0 | D:1      | inc the Felid Chaos Knight began the quest for the Orb.
     0 | D:1      | Reached XP level 1. HP: 10/10 MP: 2/2
    65 | D:1      | XOM: harmless Chrm miscast
   158 | D:1      | XOM: harmless Fire miscast
   309 | D:1      | XOM: silly message
   321 | D:1      | Reached XP level 2. HP: 12/14 MP: 3/3
   372 | D:1      | XOM: butterfly on damage
   754 | D:2      | Found a hazy altar of Hepliaklqana.
   754 | D:2      | Found a deep blue altar of Sif Muna.
   761 | D:2      | Found an iron altar of Okawaru.
   763 | D:2      | Found a faded altar of an unknown god.
   765 | D:2      | Found a faded altar of an unknown god.
   909 | D:2      | Reached XP level 3. HP: 12/17 MP: 4/4
  1127 | D:2      | Gained mutation: Your spells are a little easier to cast, but a little less powerful. [potion of mutation]
  1127 | D:2      | Gained mutation: You are clumsy. (Dex -2) [potion of mutation]
  1127 | D:2      | Gained mutation: You are somewhat resistant to further mutation. [potion of mutation]
  2108 | D:3      | XOM: smoke on damage
  2122 | D:3      | Reached XP level 4. HP: 19/21 MP: 5/5
  2126 | D:3      | Reached skill level 5 in Unarmed Combat
  2127 | D:3      | Lost mutation: You are somewhat resistant to further mutation. [potion of mutation]
  2127 | D:3      | Lost mutation: Your spells are a little easier to cast, but a little less powerful. [potion of mutation]
  2127 | D:3      | Gained mutation: You do not regenerate when monsters are visible. [potion of mutation]
  2127 | D:3      | Gained mutation: Your muscles are strong. (Str +2) [potion of mutation]
  2614 | D:4      | Noticed an ogre
  2623 | D:4      | XOM: 1-stop teleportation journey
  2628 | D:4      | XOM: cast spell 'Summon Mana Viper'
  2630 | D:4      | XOM: butterfly on damage
  2630 | D:4      | Reached XP level 5. HP: 17/24 MP: 6/6
  2644 | D:4      | XOM: god gift: 24 sling bullets
  2954 | D:4      | XOM: harmless Tmut miscast
  2967 | D:5      | Entered Level 5 of the Dungeon
  2985 | D:5      | Reached skill level 4 in Dodging
  3057 | D:5      | HP: 1/24 [bullfrog zombie (5)]
  3058 | D:5      | XOM: divination: detect items
  3064 | D:5      | Slain by a bullfrog zombie
  3065 | D:5      | Reached XP level 4. HP: 0/21 MP: 5/5
  3068 | D:5      | Lost mutation: You are clumsy. (Dex -2) [potion of mutation]
  3068 | D:5      | Lost mutation: Your muscles are strong. (Str +2) [potion of mutation]
  3068 | D:5      | Lost mutation: You do not regenerate when monsters are visible. [potion of mutation]
  3068 | D:5      | Gained mutation: You can translocate small distances at will. [potion of mutation]
  3068 | D:5      | Gained mutation: You are covered in thick fur. (AC +2) [potion of mutation]
  3068 | D:5      | Gained mutation: You are resistant to hostile enchantments. (MR+) [potion of mutation]
  3068 | D:5      | Gained mutation: You are resistant to electric shocks. (rElec) [potion of mutation]
  3180 | D:5      | XOM: cast spell 'Summon Small Mammal'
  3182 | D:5      | XOM: summons 4 friendly demons
  3195 | D:5      | Reached skill level 5 in Dodging
  3398 | D:5      | Reached XP level 5. HP: 21/24 MP: 6/6
  3429 | D:5      | Found a glowing golden altar of the Shining One.
  3429 | D:5      | Found a snail-covered altar of Cheibriados.
  3430 | D:5      | Found a basalt altar of Yredelemnul.
  3538 | D:5      | Noticed an ice beast
  3539 | D:5      | XOM: cleaving
  3543 | D:5      | XOM: enchant monster (bad)
  3547 | D:5      | XOM: summons friendly shadow imp
  3558 | D:6      | XOM: harmless Hex miscast
  3582 | D:6      | XOM: noise
  3602 | D:6      | XOM: enchant monster (good)
  3603 | D:6      | Reached skill level 6 in Dodging
  3642 | D:6      | XOM: scenery: create altars
  3671 | D:6      | Noticed a sky beast
  3687 | D:6      | Slain by a sky beast

Skill      XL: |  1  2  3  4  5 |
---------------+----------------+-----
Unarmed Combat | 4 5 |  5.5
Dodging        | 5 6 |  6.1
Fighting       | |  3.0

Action                   |  1- 3 |  4- 6 || total
-------------------------+-------+-------++-------
Melee: Unarmed           |    95 |   108 ||   203
       Bite              |     9 |     8 ||    17
       Punch             |     1 |     1 ||     2
  Use: Potion            |     4 |     3 ||     7
       Scroll            |       |     4 ||     4
 Stab: Sleeping          |     5 |     1 ||     6
       Paralysed         |       |     1 ||     1
  Eat: Chunk             |     3 |       ||     3
Armor: Skin              |     3 |     6 ||     9
Dodge: Dodged            |    78 |    76 ||   154
